 Dungeon Crawl Stone Soup version 0.30.0-19-g36f170ea60 (webtiles) character file.

Game seed: 3775967552947901195

35781 Graphine the Schismatic (level 13, -1/108 HPs)
             Began as a Merfolk Gladiator on May 30, 2023.
             Was an Elder of Lugonu.
             Slain by an 18-headed hydra (11 damage)
             ... on level 3 of the Lair of Beasts.
             The game lasted 01:11:08 (18304 turns).

Graphine the Schismatic (Merfolk Gladiator)        Turns: 18304, Time: 01:11:09

Health: -1/108     AC: 21    Str: 14    XL:     13   Next: 86%
Magic:  0/24       EV: 22    Int:  7    God:    Lugonu [****..]
Gold:   515        SH:  4    Dex: 23    Spells: 20/24 levels left

rFire   + . .        a - +3 long sword (venom)
rCold   + . .        e - orb {*channel}
rNeg    . . .        w - +5 ring mail {rC+}
rPois   +            Z - +2 hat
rElec   .            u - +0 cloak
rCorr   +            p - +2 pair of gloves {infuse}
SInv    .            F - +2 pair of boots
Will    .....        I - amulet of guardian spirit
Stlth   ++           y - ring of protection from fire
HPRegen 0.38/turn    l - ring "Yzuriz" {rCorr Stlth+}
MPRegen 0.19/turn

%: guardian spirit, channel magic (20%)
@: wereblooded, studying Invocations
A: (nimble swimmer 2), mertail, iridescent scales 1, large bone plates 1, agile
1, poison resistance
a: Renounce Religion, Depart the Abyss, Banish, Corrupt


You were on level 3 of the Lair of Beasts.
You worshipped Lugonu.
Lugonu was greatly pleased with you.
You visited 4 branches of the dungeon, and saw 17 of its levels.
You visited the Abyss 1 time.

You collected 1612 gold pieces.
You spent 1097 gold pieces at shops.

Inventory:

Hand Weapons
 a - a +3 long sword of venom (weapon)
 i - a +3 great sword
 s - a +0 arbalest
 M - a +4 dagger of distortion
Missiles
 d - 5 throwing nets
 S - 5 javelins (quivered)
Armour
 e - an orb of energy (worn)
 p - a +2 pair of gloves of infusion (worn)
 u - a +0 cloak (worn)
 w - a +5 ring mail of cold resistance (worn)
 F - a +2 pair of boots (worn)
 T - the +1 robe "Givu Ale" {rElec rN+}
   (You found it on level 11 of the Dungeon)

   rElec:     It insulates you from electricity.
   rN:        It protects you from negative energy.
 Z - a +2 hat (worn)
Jewellery
 l - the ring "Yzuriz" (right hand) {rCorr Stlth+}
   (You found it on level 10 of the Dungeon)

   [ring of resist corrosion]

   rCorr:     It protects you from acid and corrosion.
   Stlth:     It makes you more stealthy.
 y - a ring of protection from fire (left hand)
 G - a ring of fire
 I - an amulet of guardian spirit (around neck)
 P - an amulet of the acrobat
 R - a ring of see invisible
 W - a +6 ring of intelligence
Wands
 c - a wand of polymorph (4)
 f - a wand of iceblast (1)
 J - a wand of flame (57)
 Q - a wand of mindburst (3)
Scrolls
 j - 2 scrolls of fear
 n - 6 scrolls of magic mapping
 o - 2 scrolls of noise
 z - 9 scrolls of teleportation
 A - 2 scrolls of poison
 K - 2 scrolls of amnesia
 L - 2 scrolls of silence
 N - 6 scrolls of fog
 O - 2 scrolls of enchant armour
 U - a scroll of summoning
 Y - a scroll of identify
Potions
 g - 2 potions of might
 h - 3 potions of flight
 m - 3 potions of haste
 q - 5 potions of attraction
 r - a potion of mutation
 t - 2 potions of heal wounds
 v - 4 potions of brilliance
 x - a potion of berserk rage
 E - 3 potions of curing
 H - 2 potions of magic
Miscellaneous
 b - a lightning rod (4/4)
 D - a box of beasts (inert)
 V - a phantom mirror


   Skills:
 - Level 12.0 Fighting
 - Level 14.0 Long Blades
 - Level 2.0 Throwing
 - Level 15.0 Dodging
 - Level 6.0 Spellcasting
 - Level 3.0 Translocations
 - Level 4.0 Transmutations
 * Level 15.6 Invocations


You had 20 spell levels left.
You knew the following spells:

 Your Spells              Type           Power      Damage    Failure   Level
a - Blink                 Tloc           12%        N/A       43%         2
b - Wereblood             Tmut           7%         N/A       34%         2

Your spell library contained the following spells:

 Spells                   Type           Power      Damage    Failure   Level
 Sting                    Tmut/Pois      16%        1d3       43%         1
 Lesser Beckoning         Tloc           12%        N/A       43%         2
 Momentum Strike          Conj/Tloc      8%         3d8       61%         2
 Kiss of Death            Conj/Necr      8%         2d6       67%         1
 Necrotise                Necr           8%         1d4       67%         1
 Shock                    Conj/Air       8%         1d3       67%         1
 Cigotuvi's Dreadful Rot  Necr/Pois/Air  4%         N/A       80%         2
 Poisonous Vapours        Pois/Air       4%         N/A       80%         2
 Sublimation of Blood     Necr           2%         N/A       80%         2
 Confusing Touch          Hex            2%         N/A       94%         3
 Ozocubu's Armour         Ice            2%         N/A       94%         3
 Vampiric Draining        Necr           2%         2d6       94%         3
 Dispel Undead            Necr           2%         3d7       100%        4
 Olgreb's Toxic Radiance  Pois           2%         N/A       100%        4
 Agony                    Necr           2%         N/A       100%        5
 Metabolic Englaciation   Hex/Ice        1%         N/A       100%        5
 Death Channel            Necr           1%         N/A       100%        6
 Simulacrum               Ice/Necr       1%         N/A       100%        6
 Summon Hydra             Summ           1%         N/A       100%        7


Dungeon Overview and Level Annotations

Branches:
Dungeon (11/15)            Temple (1/1) D:4            Lair (3/5) D:11
 Spider (0/4) Lair:3          Orc (2/2) D:11            Elf (0/3) Orc:2
  Swamp: Lair:2-3    Shoals: Lair:2-3

Altars:
Ashenzari
Cheibriados
Dithmenos
Elyvilon
Fedhas
Gozag
Hepliaklqana
Kikubaaqudgha
Makhleb
Nemelex Xobeh
Okawaru
Qazlal
Ru
Sif Muna
Trog
Uskayaw
Vehumet
Wu Jian
Xom
Yredelemnul
Zin
The Shining One
Lugonu

Shops:
D:1 [   D:3 =   Orc:2 *?=:*:

Annotations:
Orc:2 corrupted


Innate Abilities, Weirdness & Mutations

((You are very nimble when in or above water. (Stealth+, EV+, Speed+++)))
Your lower body shifts to a powerful aquatic tail in water.
You are partially covered in iridescent scales. (AC +2)
You are partially covered in large bone plates. (SH +4)
You are agile. (Dex +4, Str/Int -1)
Your system is resistant to poisons. (rPois)


Message History

The 16-headed hydra barely misses you.
The 16-headed hydra bites you but does no damage.
You slice one of the 16-headed hydra's heads off!
The 15-headed hydra grows two more!
You slash the 17-headed hydra!
The 17-headed hydra looks as sick as possible!
The 17-headed hydra is severely wounded.
Unknown command.
You barely miss the 17-headed hydra.
The 17-headed hydra is severely wounded.
The 17-headed hydra bites you. The 17-headed hydra closely misses you.
The 17-headed hydra barely misses you.
The 17-headed hydra bites you but does no damage.
The 17-headed hydra bites you!
The 17-headed hydra bites you but does no damage.
The 17-headed hydra bites you!
* * * LOW HITPOINT WARNING * * *
The 17-headed hydra misses you.
The 17-headed hydra closely misses you. x3
The 17-headed hydra bites you but does no damage. x2
The 17-headed hydra closely misses you. The 17-headed hydra misses you.
The 17-headed hydra completely misses you. x2
You chop one of the 17-headed hydra's heads off!
The 16-headed hydra grows two more!
You slash the 18-headed hydra!
The 18-headed hydra is almost dead.
The 18-headed hydra barely misses you.
The 18-headed hydra bites you but does no damage. x2
The 18-headed hydra bites you!
* * * LOW HITPOINT WARNING * * *
The 18-headed hydra bites you but does no damage.
The 18-headed hydra bites you.
* * * LOW HITPOINT WARNING * * *
The 18-headed hydra bites you but does no damage.
The 18-headed hydra misses you. x2
The 18-headed hydra bites you but does no damage.
The 18-headed hydra closely misses you. The 18-headed hydra bites you!
* * * LOW HITPOINT WARNING * * *
The 18-headed hydra bites you but does no damage.
The 18-headed hydra misses you. The 18-headed hydra bites you!
* * * LOW HITPOINT WARNING * * *
The 18-headed hydra bites you!
You die...

#.#..(((..P.............
###....P.......).........
#.....P.(..#.............
##.#.......P.............
##.#........รท............
##P.##......#.............
#...........###..#...####.
#####.........# #..##### ##
#.....[....@..# #..#
..........D..###.####### #
####.........PP#........#
######..##.........P.....#...#
...................P.....###.#
.....#...#..........#.....#..####
..#.}#.............##P....##...#.
.............##...###....#.......
...................###....#......


You could see a 18-headed hydra (extremely poisoned).

Vanquished Creatures
  Gastronok (Lair:3)
  Harold (D:9)
  A hydra (Lair:3)
  A catoblepas (Lair:2)
  The ghost of appezilla the Basher, a novice MiBe of Trog (Orc:1)
  7 two-headed ogres
  An orc high priest (Orc:1)
  The ghost of klichko the Stormcaller, a journeyman TeAE of Sif Muna (Lair:2)
  3 death yaks (Lair:1)
  Amaemon (Lair:1)
  An orc knight (Orc:2)
  A lindwurm (Lair:2)
  An orc sorcerer (Orc:1)
  3 oklob plants (D:10)
  Joseph (D:8)
  3 black mambas (Lair:2)
  3 gargoyles (D:11)
  2 cane toads
  Psyche (D:8)
  An orange demon (Lair:1)
  3 rime drakes (Lair:2)
  3 komodo dragons
  A meliai (Lair:3)
  A polar bear (Lair:1)
  Grinder (D:5)
  6 trolls
  2 hornets
  A shadow (D:10)
  A wraith (D:11)
  33 yaks
  2 wyverns
  3 hogs (Lair:3)
  A basilisk (Lair:1)
  3 humans (Lair:3)
  3 swamp worms (Lair:3)
  3 wargs (Orc:1)
  An acid dragon (D:9)
  6 water moccasins
  A floating eye (D:10)
  3 sky beasts
  10 orc warriors
  6 ogres
  2 ice beasts
  3 black bears
  6 wolves
  3 centaurs
  A phantom (D:5)
  3 kobold brigands
  9 bullfrogs
  An elf skeleton (D:7)
  5 scorpions
  A cane toad simulacrum (Lair:2)
  6 wights
  A blink frog simulacrum (Lair:2)
  7 killer bees
  An elephant simulacrum (Lair:2)
  9 howler monkeys
  2 wyvern simulacra (Lair:2)
  A komodo dragon simulacrum (Lair:2)
  4 hounds
  2 human zombies (D:7)
  A jelly (D:7)
  13 orc priests
  A gnoll bouda (D:5)
  2 human skeletons (D:7)
  3 sleepcaps
  22 orc wizards
  A troll simulacrum (Orc:1)
  2 spectral orcs (Orc:1)
  Robin (D:4)
  9 gnolls
  2 ogre simulacra (Orc:1)
  4 adders
  A shadow imp (D:7)
  2 white imps
  A dart slug (D:1)
  An orc simulacrum (Orc:1)
  44 orcs
  5 ball pythons
  2 endoplasms
  A giant cockroach (D:2)
  13 hobgoblins
  4 jackals (D:1)
  11 kobolds
  7 quokkas
  2 bats (D:1)
  A frilled lizard (D:2)
  A gnoll simulacrum (Orc:1)
  16 goblins
  An orc skeleton (D:7)
  7 rats
377 creatures vanquished.

Vanquished Creatures (collateral kills)
  2 wolves (Lair:3)
  An orc priest (Orc:2)
3 creatures vanquished.

Vanquished Creatures (others)
  Kirke (Lair:3)
  Erolcha (Orc:2)
  2 ogre magi (Orc:2)
  3 two-headed ogres (Orc:2)
  A deep troll (Orc:2)
  2 cyclopes (Orc:2)
  4 trolls (Orc:2)
  A human (Lair:3)
  2 wargs (Orc:2)
  5 orc warriors (Orc:2)
  14 ogres (Orc:2)
  4 orc priests (Orc:2)
  3 orc wizards (Orc:2)
  7 orcs (Orc:2)
  18 starspawn tentacles (Orc:2)
68 creatures vanquished.

Grand Total: 448 creatures vanquished

Notes
Turn   | Place    | Note
-------+----------+-------------------------------------------
     0 | D:1      | Graphine the Merfolk Gladiator began the quest for the Orb.
     0 | D:1      | Reached XP level 1. HP: 16/16 MP: 1/1
   144 | D:1      | Reached XP level 2. HP: 23/23 MP: 2/2
   314 | D:1      | Found Tuojuh's Antique Armour Emporium.
   421 | D:1      | Reached XP level 3. HP: 10/28 MP: 3/3
  1331 | D:2      | Found a shimmering blue altar of Sif Muna.
  1658 | D:1      | Bought a pair of runed gloves for 112 gold pieces
  1810 | D:3      | Found a hazy altar of Hepliaklqana.
  1811 | D:3      | Found a shadowy altar of Dithmenos.
  1811 | D:3      | Noticed a shadow
  2342 | D:3      | Found Waitoid's Jewellery Boutique.
  2346 | D:3      | You fall into a shaft and drop 2 floors!
  2346 | D:5      | Entered Level 5 of the Dungeon
  2352 | D:5      | Reached XP level 4. HP: 35/35 MP: 4/4
  2357 | D:4      | Noticed a black bear
  2357 | D:4      | Found a staircase to the Ecumenical Temple.
  2371 | D:4      | Noticed a scorpion
  2556 | D:1      | Bought a runed ring mail for 105 gold pieces
  2629 | D:4      | Reached skill level 5 in Dodging
  2636 | D:4      | Reached XP level 5. HP: 23/42 MP: 0/5
  2826 | D:4      | Noticed a hornet
  2835 | D:4      | Reached skill level 5 in Long Blades
  2835 | D:4      | Killed a hornet
  2836 | D:4      | Reached XP level 6. HP: 49/49 MP: 4/6
  2908 | D:4      | Killed a black bear
  2909 | D:4      | Reached XP level 7. HP: 55/55 MP: 7/7
  3071 | D:4      | Reached skill level 5 in Fighting
  3233 | D:4      | Noticed Robin
  3244 | D:4      | Killed Robin
  3471 | D:4      | Found a sacrificial altar of Ru.
  3529 | Temple   | Entered the Ecumenical Temple
  3544 | Temple   | Became a worshipper of Lugonu the Unformed
  3803 | D:5      | Reached XP level 8. HP: 61/64 MP: 0/8
  4002 | D:5      | Noticed a yak
  4003 | D:5      | Noticed a yak
  4004 | D:5      | Noticed a yak
  4004 | D:5      | Noticed a yak
  4012 | D:5      | Killed a yak
  4012 | D:5      | Reached * piety under Lugonu
  4020 | D:5      | Killed a yak
  4023 | D:5      | Killed a yak
  4033 | D:5      | Killed a yak
  4034 | D:5      | Reached XP level 9. HP: 43/72 MP: 0/9
  4226 | D:5      | Found a burning altar of Makhleb.
  4240 | D:5      | Found a broken altar of Ashenzari.
  4248 | D:5      | Found a basalt altar of Yredelemnul.
  4264 | D:5      | Found a sparkling altar of Nemelex Xobeh.
  4318 | D:5      | Noticed Grinder
  4332 | D:5      | Killed Grinder
  4451 | D:5      | Found a bloodstained altar of Trog.
  4786 | D:6      | Reached skill level 10 in Dodging
  4786 | D:6      | Reached skill level 1 in Transmutations
  5044 | D:6      | Reached skill level 1 in Spellcasting
  5479 | D:7      | Found a stormy altar of Qazlal.
  5508 | D:7      | Reached skill level 1 in Translocations
  5517 | D:7      | Found a sand-covered staircase.
  5652 | D:7      | Reached ** piety under Lugonu
  5723 | D:7      | Found a radiant altar of Vehumet.
  5745 | D:7      | Got Vehumet's Parchment of Confrontation
  5751 | D:7      | Found an ancient bone altar of Kikubaaqudgha.
  5766 | D:7      | Found a shimmering blue altar of Sif Muna.
  5785 | D:7      | Learned a level 2 spell: Blink
  5788 | D:7      | Learned a level 2 spell: Wereblood
  5846 | D:7      | Reached XP level 10. HP: 82/82 MP: 4/12
  6745 | D:8      | Reached skill level 10 in Long Blades
  6761 | D:8      | Noticed Joseph
  6781 | D:8      | Killed Joseph
  7176 | D:8      | Reached *** piety under Lugonu
  7311 | D:8      | Noticed Psyche
  7344 | Abyss:1  | Cast into level 1 of the Abyss (Psyche)
  7345 | D:8      | Escaped the Abyss
  7346 | D:8      | Killed Psyche
  7748 | D:9      | Noticed a two-headed ogre
  7758 | D:9      | Killed a two-headed ogre
  7827 | D:9      | Found a hide-covered altar of Uskayaw.
  7841 | D:9      | Noticed Harold
  7859 | D:9      | Killed Harold
  7915 | D:9      | Reached skill level 10 in Fighting
  7915 | D:9      | Reached XP level 11. HP: 57/88 MP: 0/15
  8281 | D:9      | Found a white marble altar of Elyvilon.
  8366 | D:10     | Entered Level 10 of the Dungeon
  8536 | D:10     | Gained mutation: You are covered in fur. (AC +1) [potion of
                  | mutation]
  8536 | D:10     | Gained mutation: You are frail. (-10% HP) [potion of
                  | mutation]
  8536 | D:10     | Lost mutation: You are frail. (-10% HP) [potion of
                  | mutation]
  8717 | D:10     | Noticed an oklob plant
  8717 | D:10     | Paralysed by a floating eye for 4 turns
  8728 | D:10     | Paralysed by a floating eye for 4 turns
  8734 | D:10     | Noticed an oklob plant
  8740 | D:10     | Noticed an oklob plant
  9258 | D:10     | Identified the ring "Yzuriz" {rCorr Stlth+}
  9288 | D:10     | Noticed a two-headed ogre
  9295 | D:10     | Killed a two-headed ogre
  9749 | D:10     | Killed an oklob plant
  9774 | D:10     | Killed an oklob plant
  9792 | D:10     | Killed an oklob plant
 10010 | D:11     | Identified the +1 robe "Givu Ale" {rElec rN+}
 10049 | D:11     | Found a staircase to the Orcish Mines.
 10388 | D:11     | Found a staircase to the Lair.
 10795 | D:11     | Reached XP level 12. HP: 55/100 MP: 3/16
 10803 | D:11     | Reached **** piety under Lugonu
 11310 | Orc:1    | Entered Level 1 of the Orcish Mines
 11466 | Orc:1    | Noticed an orc high priest
 11469 | Orc:1    | Noticed a soul eater
 11778 | Orc:1    | Killed an orc high priest
 12278 | Orc:1    | Found a runed translucent gate.
 12279 | Orc:1    | Found a runed translucent gate.
 12279 | Orc:1    | Found a runed translucent gate.
 12280 | Orc:1    | Noticed appezilla's ghost (novice MiBe)
 12360 | Orc:1    | Reached ***** piety under Lugonu
 12437 | Orc:1    | Killed appezilla's ghost
 12623 | Orc:2    | Entered Level 2 of the Orcish Mines
 12623 | Orc:2    | Found a staircase to the Elven Halls.
 12628 | Orc:2    | Noticed a two-headed ogre
 12633 | Orc:2    | Noticed a two-headed ogre
 12634 | Orc:2    | Noticed a two-headed ogre
 12635 | Orc:2    | Noticed an ogre mage
 12636 | Orc:2    | Noticed a two-headed ogre
 12649 | Orc:1    | Killed a two-headed ogre
 12650 | Orc:1    | Reached skill level 1 in Invocations
 12653 | Orc:1    | Reached skill level 15 in Dodging
 12834 | Orc:1    | Killed a two-headed ogre
 12842 | D:11     | Killed a two-headed ogre
 13049 | Orc:1    | Killed a two-headed ogre
 13050 | Orc:1    | Reached skill level 5 in Invocations
 13492 | Orc:2    | Corrupted Orc:2
 13492 | Orc:2    | Noticed a starcursed mass
 13492 | Orc:2    | Noticed a thrashing horror
 13492 | Orc:2    | Noticed a tentacled starspawn
 13492 | Orc:2    | Noticed a large abomination
 13492 | Orc:2    | Noticed a thrashing horror
 13492 | Orc:2    | Noticed a blizzard demon
 13492 | Orc:2    | Noticed a tentacled starspawn
 13492 | Orc:2    | Noticed a thrashing horror
 13498 | Orc:2    | Killed an ogre mage
 13510 | Orc:2    | Killed a two-headed ogre
 13512 | Orc:2    | Killed Erolcha
 13514 | Orc:2    | Killed a two-headed ogre
 13518 | Orc:2    | Killed an ogre mage
 13519 | Orc:2    | Found Baafaonu's Assorted Antiques.
 13520 | Orc:2    | Killed a two-headed ogre
 13551 | Orc:2    | Found Vepnimoi's Vocational Training.
 13567 | Orc:2    | Bought a manual of Invocations for 880 gold pieces
 13609 | Orc:2    | Found Nemeghag's Book Boutique.
 13610 | Orc:2    | Found Qiczoic's Jewellery Shop.
 13611 | Orc:2    | Found Diaroqerch's Magic Scroll Shoppe.
 13819 | Orc:2    | Noticed a two-headed ogre
 13821 | Orc:2    | Found Vymuadot's General Store.
 13830 | Orc:2    | Killed a two-headed ogre
 14400 | Lair:1   | Entered Level 1 of the Lair of Beasts
 14413 | Lair:1   | Noticed Amaemon
 14435 | Lair:1   | Killed Amaemon
 14465 | Lair:1   | Noticed a death yak
 14467 | Lair:1   | Noticed a death yak
 14470 | Lair:1   | Noticed a death yak
 14481 | Lair:1   | Killed a death yak
 14482 | Lair:1   | Reached XP level 13. HP: 108/108 MP: 10/20
 14490 | Lair:1   | Reached skill level 10 in Invocations
 15568 | Lair:2   | Found a runed translucent gate.
 15569 | Lair:2   | Found a runed translucent gate.
 15570 | Lair:2   | Found a runed translucent gate.
 15621 | Lair:2   | Noticed klichko's ghost (journeyman TeAE)
 15661 | Lair:2   | Killed klichko's ghost
 15695 | Lair:2   | Lost mutation: You are covered in fur. (AC +1) [potion of
                  | mutation]
 15695 | Lair:2   | Gained mutation: You are covered in fur. (AC +1) [potion of
                  | mutation]
 15695 | Lair:2   | Gained mutation: Your skin changes colour to match your
                  | surroundings (Stealth+). [potion of mutation]
 15695 | Lair:2   | Gained mutation: You occasionally lose the ability to drink
                  | potions when taking damage. [potion of mutation]
 15696 | Lair:2   | Lost mutation: Your skin changes colour to match your
                  | surroundings (Stealth+). [potion of mutation]
 15696 | Lair:2   | Lost mutation: You are covered in fur. (AC +1) [potion of
                  | mutation]
 15696 | Lair:2   | Gained mutation: You have hidden genetic potential. [potion
                  | of mutation]
 15697 | Lair:2   | Lost mutation: You occasionally lose the ability to drink
                  | potions when taking damage. [potion of mutation]
 15697 | Lair:2   | Lost mutation: You have hidden genetic potential. [potion
                  | of mutation]
 15697 | Lair:2   | Gained mutation: You are weak. (Str -2) [potion of
                  | mutation]
 15697 | Lair:2   | Gained mutation: You are resistant to electric shocks.
                  | (rElec) [potion of mutation]
 15698 | Lair:2   | Lost mutation: You are resistant to electric shocks.
                  | (rElec) [potion of mutation]
 15698 | Lair:2   | Lost mutation: You are weak. (Str -2) [potion of mutation]
 15698 | Lair:2   | Gained mutation: You are agile. (Dex +4, Str/Int -1)
                  | [potion of mutation]
 15698 | Lair:2   | Gained mutation: You are partially covered in iridescent
                  | scales. (AC +2) [potion of mutation]
 15698 | Lair:2   | Gained mutation: Your system is resistant to poisons.
                  | (rPois) [potion of mutation]
 15698 | Lair:2   | Gained mutation: You are partially covered in large bone
                  | plates. (SH +4) [potion of mutation]
 15827 | Lair:2   | Identified the +4 mace of Geakuhugoi {freeze, *Rage rCorr
                  | Int+6 Dex-5}
 16050 | Lair:2   | Reached skill level 5 in Spellcasting
 17215 | Lair:3   | Found a hole to the Spider Nest.
 17241 | Lair:3   | Noticed Gastronok
 17275 | Lair:3   | Killed Gastronok
 17635 | Lair:3   | Noticed Kirke
 17695 | Lair:3   | Killed Kirke
 17696 | Lair:3   | Reached skill level 15 in Invocations
 18304 | Lair:3   | Slain by an 18-headed hydra

Illustrated notes

Levels and vault maps discovered:
D:1:      amcnicky_arrival_double_pillar, layout_basic, serial_shops,
          nicolae_shop_statue_plus
D:2:      layout_basic, basic_altar, palyth_stone_intersect,
          minmay_indecisive_spiral
D:3:      layout_basic, riverfiend_overflow_shadow_ancestor, serial_shops, shop,
          minmay_hedge_maze
D:4:      layout_loops_cross, nicolae_ru_path_of_blood,
          minmay_temple_entry_waves, minmay_small_thing, uniq_robin
D:5:      layout_rooms, trog_butcher_becter, nicolae_overflow_quartered_altars,
          minmay_stone_trees_small, uniq_grinder, uniq_crazy_yiuf_cottage
D:6:      layout_basic
D:7:      layout_loops_ring, palyth_temple_overflow_mages, grunt_qazlal_clouds,
          serial_co_window_serial, co_window_paths_b, co_window_paths_a,
          co_window_corner_a, co_window_paths_a, co_window_paths_b,
          co_window_unsneaky_path_c, co_window_corner_b,
          co_window_of_opportunity_c, co_window_of_opportunity_c,
          co_window_corner_b, co_window_paths_d, co_window_4corner_b,
          glass_columns_a, glass_columns_b, glass_columns_c, glass_columns_a,
          glass_columns_b, nicolae_ossuary_entry_catacombs, abandoned_shop,
          nicolae_fountain_basement
D:8:      layout_rooms, uniq_psyche, uniq_joseph
D:9:      layout_cave_pools, mainiacjoe_overflow_brackets,
          nicolae_overflow_hidden_temple, uniq_harold
D:10:     layout_loops_ring, minmay_gold_behind_fungi, disabler_island
D:11:     layout_roguey, due_lair_maze_entry_diamond, orc_0_dummy
Temple:   corrupted_temple
Lair:1:   layout_misc_corridors, grunt_megastairs_4, uniq_amaemon
Lair:2:   layout_gridlike, gammafunk_ghost_icy, serial_bayou_shore_a
Lair:3:   slaughterhouse, layout_gridlike, palyth_hydra_swamp_entry,
          hellmonk_spider_entry_not_the_bees, chequers_serial_rivers_micro_a,
          lemuel_fruit_tree, uniq_gastronok, uniq_kirke
Orc:1:    layout_caves, gammafunk_ghost_necromancy
Orc:2:    st_orc_open, layout_caves, serial_shops, shop,
          nicolae_shop_vocational, uniq_erolcha

Skill      XL: |  1  2  3  4  5  6  7  8  9 10 11 12 13 |
---------------+----------------------------------------+-----
Long Blades    | 4 5 6 7 8 9 11 12 14 | 14.0
Fighting       | 3 4 5 7 8 10 11 12 | 12.0
Dodging        | 5 6 7 9 10 12 13 15 | 15.0
Transmutations | 3 4 |  4.0
Spellcasting   | 1 3 6 |  6.0
Translocations | 1 2 3 |  3.0
Invocations    | 9 15 | 15.6
Throwing       | |  2.0

Action                     |  1- 3 |  4- 6 |  7- 9 | 10-12 | 13-15 || total
---------------------------+-------+-------+-------+-------+-------++-------
  Melee: Long sword        |   100 |    32 |   310 |   627 |   337 ||  1406
         Punch             |     1 |       |     6 |     4 |       ||    11
         Unarmed           |       |       |       |       |    26 ||    26
         Tailslap          |       |       |       |       |    21 ||    21
  Throw: Javelin           |     6 |       |       |    12 |     1 ||    19
         Boomerang         |    46 |     3 |    39 |    39 |       ||   127
         Throwing net      |       |       |     5 |     4 |       ||     9
   Cast: Wereblood         |       |       |       |     9 |     3 ||    12
         Blink             |       |       |       |     2 |       ||     2
 Invoke: Depart the Abyss  |       |       |       |     1 |       ||     1
         Corrupt           |       |       |       |     1 |       ||     1
  Evoke: Wand              |       |     6 |     2 |     1 |       ||     9
         Lightning rod     |       |       |       |     2 |     1 ||     3
         Box of beasts     |       |       |       |     1 |     1 ||     2
    Use: Scroll            |     9 |     3 |     9 |     9 |     4 ||    34
         Potion            |       |       |     1 |    11 |     8 ||    20
   Stab: Sleeping          |       |       |       |       |     1 ||     1
 Armour: Leather armour    |    34 |     4 |       |       |       ||    38
         Ring mail         |       |    22 |   113 |   200 |   131 ||   466
  Dodge: Dodged            |   110 |    45 |   192 |   618 |   386 ||  1351
  Block: Orb               |       |       |       |       |    44 ||    44
